 Dungeon Crawl Stone Soup version 0.17.1-3-g152610e (webtiles) character file.

813 kaze the Shield-Bearer (level 7, -2/55 HPs)
             Began as a Demonspawn Fighter on Apr 11, 2016.
             Was a Believer of Dithmenos.
             Killed by divine providence
             ... invoked by an orc priest
              (11 damage)
             ... on level 6 of the Dungeon.
             The game lasted 00:08:05 (5661 turns).

kaze the Shield-Bearer (Demonspawn Fighter)         Turns: 5661, Time: 00:08:05

Health: -2/55      AC: 11    Str: 19    XL:     7   Next: 61%
Magic:  0/7        EV: 10    Int: 14    God:    Dithmenos [**....]
Gold:   284        SH: 10    Dex: 12    Spells: 0 memorised, 6 levels left

rFire  . . .     SeeInvis .     a - +0 flail
rCold  . . .     Clarity  .     g - +3 ring mail
rNeg   . . .     SustAt   .     c - +0 shield
rPois  .         Gourm    .     h - +0 helmet
rElec  .         Spirit   +     q - +0 cloak
rCorr  .         Warding  .     (no gloves)
rMut   .         Stasis   .     (no boots)
MR     .....                    b - amulet of faith
Stlth  ++........               u - +5 ring of intelligence
                                p - ring of stealth

@: wreathed by umbra, not resistant to hostile enchantments, unstealthy
A: claws 2, demonic guardian 1, magic shield
a: Shadow Step, Renounce Religion


You were on level 6 of the Dungeon.
You worshipped Dithmenos.
Dithmenos was pleased with you.
You were not hungry.

You visited 1 branch of the dungeon, and saw 6 of its levels.

You collected 284 gold pieces.

Inventory:

Hand Weapons
 a - a +0 flail (weapon)
Missiles
 f - 5 tomahawks (quivered)
Armour
 c - a +0 shield (worn)
 g - a +3 ring mail (worn)
 h - a +0 helmet (worn)
 q - a +0 cloak (worn)
Jewellery
 b - an amulet of faith (around neck)
 p - a ring of stealth (left claw)
 u - a +5 ring of intelligence (right claw)
Wands
 d - a wand of cold (11)
Scrolls
 i - 6 scrolls of identify
 k - 2 scrolls of remove curse
 m - 2 scrolls of immolation {unknown}
 s - a scroll of fog {unknown}
 w - a scroll of magic mapping
 x - a scroll of recharging {unknown}
 y - a scroll of blinking
 A - a scroll of enchant weapon
Potions
 l - 2 potions of agility {unknown}
 n - a potion of cancellation {unknown}
 o - a potion of degeneration {unknown}
 r - a potion of flight {unknown}
 t - a potion of resistance {unknown}
 v - a potion of heal wounds {unknown}
 z - a potion of curing {unknown}
Comestibles
 e - 3 bread rations
 j - 3 fruits


   Skills:
 + Level 4.6 Fighting
 + Level 3.1 Maces & Flails
 + Level 4.4 Armour
 + Level 3.1 Dodging
 + Level 1.0 Stealth
 + Level 4.9 Shields


You had 6 spell levels left.
You didn't know any spells.

Dungeon Overview and Level Annotations

Branches:
Dungeon (6/15)             Temple (0/1) D:4

Altars:
Cheibriados
Dithmenos
Yredelemnul


Innate Abilities, Weirdness & Mutations

You have very sharp fingernails.
A weak demonic guardian rushes to your aid.
When hurt, damage is shared between your health and your magic reserves.


Message History

The orc dies!
Dithmenos accepts your kill. Something barely misses your quasit.
Your iron imp hits the orc warrior but does no damage.
You open the door. The orc warrior completely misses you.
There is an open door here.
Your iron imp barely misses the orc warrior.
Your quasit bites the orc warrior but does no damage.
Your quasit barely misses the orc warrior.
Your quasit claws the orc warrior but does no damage.
The orc priest mumbles some strange prayers to Beogh against you.
You struggle to resist.
Your quasit disappears in a puff of smoke!
The orc priest mumbles some strange prayers to Beogh against you.
Pain shoots through your body!
* * * LOW HITPOINT WARNING * * *
The orc priest invokes the aid of Beogh against you.
Something smites you!
You die...

#..##..##..#............
#####...+..#............
#..##...#..#............
#......#####............
#......##..############.
#..##..##....#..# #.
#####'###....#..# +.
#...#.....#..# #.
#...@.o...#..# ##
#...#.....#..##
##..#...5.#...#
#..##.o..#...#
.##..##....o...#
...........#...+
.....####'##).##
.....##...##..#
###........#..#


You could see an orc warrior, an orc priest, an orc wizard and a friendly iron
imp.

Vanquished Creatures
  Menkaure (D:5)
  The ghost of Sl000nik the Sneak, an amateur KoAs (D:4)
  2 ogres
  A giant frog skeleton (D:6)
  2 orc priests (D:5)
  2 orc wizards
  3 worker ants
  A hound skeleton (D:5)
  4 adders
  4 gnolls
  A shadow imp (D:5)
  An ooze (D:3)
  2 worms (D:2)
  15 orcs
  2 ball pythons (D:1)
  4 giant cockroaches
  4 goblins
  4 hobgoblins
  8 jackals
  2 quokkas
  10 bats
  A giant gecko skeleton (D:5)
  5 giant newts
  A jackal skeleton (D:5)
  4 kobolds
  4 rats
89 creatures vanquished.

Vanquished Creatures (collateral kills)
  2 orcs
  A ball python zombie (D:5)
3 creatures vanquished.

Grand Total: 92 creatures vanquished

Notes
Turn   | Place    | Note
--------------------------------------------------------------
     0 | D:1      | kaze the Demonspawn Fighter began the quest for the Orb.
     0 | D:1      | Reached XP level 1. HP: 18/18 MP: 1/1
   190 | D:1      | Gained mutation: You have sharp fingernails. [demonic ancestry]
   190 | D:1      | Reached XP level 2. HP: 9/24 MP: 2/2
  1214 | D:2      | Gained mutation: You have very sharp fingernails. [demonic ancestry]
  1214 | D:2      | Reached XP level 3. HP: 22/29 MP: 3/3
  1239 | D:2      | Found a faded altar to an unknown god.
  1248 | D:2      | Became a worshipper of Dithmenos the Shadowed
  1248 | D:2      | Reached * piety under Dithmenos
  2334 | D:3      | Reached XP level 4. HP: 13/37 MP: 4/4
  3126 | D:3      | Reached skill level 4 in Fighting
  3297 | D:3      | Reached ** piety under Dithmenos
  3377 | D:3      | Gained mutation: When hurt, damage is shared between your health and your magic reserves. [demonic ancestry]
  3377 | D:3      | Reached XP level 5. HP: 42/42 MP: 5/5
  3503 | D:4      | Found a staircase to the Ecumenical Temple.
  3535 | D:4      | Noticed Sl000nik's ghost (amateur KoAs)
  3550 | D:4      | Killed Sl000nik's ghost
  3550 | D:4      | Reached skill level 1 in Dodging
  3550 | D:4      | Reached skill level 1 in Stealth
  3726 | D:4      | Found a basalt altar of Yredelemnul.
  3727 | D:4      | Found a snail-covered altar of Cheibriados.
  3862 | D:4      | Noticed an ogre
  3872 | D:4      | Killed an ogre
  3872 | D:4      | Reached XP level 6. HP: 16/48 MP: 2/6
  4238 | D:5      | Entered Level 5 of the Dungeon
  4354 | D:5      | Gained mutation: A weak demonic guardian rushes to your aid. [demonic ancestry]
  4354 | D:5      | Reached XP level 7. HP: 54/54 MP: 7/7
  4483 | D:5      | Noticed Menkaure
  4500 | D:5      | Killed Menkaure
  5090 | D:5      | Reached *** piety under Dithmenos
  5661 | D:6      | Killed from afar by an orc priest

Action                   |  1- 3 |  4- 6 |  7- 9 || total
-------------------------+-------+-------+-------++-------
Melee: Flail             |   120 |   153 |   126 ||   399
  Use: Potion            |     1 |     1 |     1 ||     3
       Scroll            |       |     8 |       ||     8
 Stab: Sleeping          |       |     1 |     1 ||     2
  Eat: Bread ration      |     1 |       |     1 ||     2
       Chunk             |       |     6 |     4 ||    10
